 Dungeon Crawl Stone Soup version 0.31.0-12-g77e489cdc1 (webtiles) character file.

Game seed: 13463854482692593616

55 DildoBatman the Conjurer (level 4, 0/32 HPs)
             Began as a Formicid Conjurer on Feb 17, 2024.
             Succumbed to an adder's poison
             ... on level 2 of the Dungeon.
             The game lasted 00:02:48 (1206 turns).

DildoBatman the Conjurer (Formicid Conjurer)        Turns: 1206, Time: 00:02:48

Health: 0/32       AC:  3    Str:  8 (11) XL:     4   Next: 14%
Magic:  7/7        EV: 12    Int: 19 (20) God:
Gold:   60         SH:  0    Dex: 11 (12) Spells: 5/8 levels left

rFire   . . .        c - +0 mace
rCold   . . .        (no shield)
rNeg    . . .        a - +0 robe
rPois   .            (helmet unavailable)
rElec   .            (no cloak)
rCorr   .            (no gloves)
SInv    +            j - +0 pair of boots
Will    .....        (no amulet)
Stlth   ++           (no ring)
HPRegen 0.25/turn    (no ring)
MPRegen 0.10/turn

%: no passive effects
@: brilliant, lethally poisoned (0 -> -6), attractive
A: permanent stasis, dig shafts and tunnels, antennae 3, four strong arms
a: Dig, Shaft Self


You were on level 2 of the Dungeon.
You visited 1 branch of the dungeon, and saw 2 of its levels.

You collected 60 gold pieces.

Inventory:

Hand Weapons
 c - a +0 mace (weapon)
Missiles
 g - 22 stones
 i - 5 curare-tipped darts
Armour
 a - a +0 robe (worn)
 j - a +0 pair of boots (worn)
Scrolls
 f - a scroll of vulnerability {unknown}
 h - a scroll of silence {unknown}
 l - a scroll of poison {unknown}
 m - a scroll of identify {unknown}
 n - 3 scrolls of amnesia {unknown}
Potions
 k - a potion of degeneration


   Skills:
 + Level 1.3 Fighting
 + Level 1.2 Armour
 + Level 2.2 Dodging
 + Level 3.1 Stealth
 + Level 2.6 Spellcasting
 + Level 3.8 Conjurations


You had 5 spell levels left.
You knew the following spells:

 Your Spells              Type           Power      Damage    Failure   Level
a - Searing Ray           Conj           50%        2d6       4%          2
c - Magic Dart            Conj           100%       1d8       3%          1

Your spell library contained the following spells:

 Spells                   Type           Power      Damage    Failure   Level
 Inner Flame              Hex/Fire       3%         N/A       43%         3
 Flame Wave               Conj/Fire      14%        2d6       58%         4
 Fulminant Prism          Conj/Alch      7%         3d7       58%         4
 Iskenderun's Mystic Bla  Conj/Tloc      14%        2d5       58%         4
 Sticky Flame             Fire/Alch      3%         2d4       85%         4


Dungeon Overview and Level Annotations

Branches:
Dungeon (2/15)

Altars:

Annotations:
D:2 Terence


Innate Abilities, Weirdness & Mutations

You cannot be hasted, slowed, berserked, paralysed or teleported.
You can dig through walls and to a lower floor.
You have a pair of large antennae on your head. (SInv)
Your four strong arms can wield two-handed weapons with a shield.


Message History

Confirm with . or Enter, or press ? or * to list all spells.
Aiming: Magic Dart (safe; 3% risk of failure)
Press: ? - help, Shift-Dir - straight line, f/p - adder
Aim: an adder (almost dead, 100% to hit)
The magic dart hits the adder.
You kill the adder!
You feel sick. The ball python closely misses you.
The ball python constricts you.
You have reached level 4!
You feel clever.
Casting: Magic Dart (safe; 3% risk of failure)
Confirm with . or Enter, or press ? or * to list all spells.
Aiming: Magic Dart (safe; 3% risk of failure)
Press: ? - help, Shift-Dir - straight line, f - ball python
Aim: a ball python (constricting you, 100% to hit)
The magic dart hits the ball python.
You kill the ball python!
You feel sick.
You feel sick.
You are no longer poisoned.
You see here a +0 whip.
You see here a jackal corpse.
It was a potion of degeneration.
There was something very wrong with that liquid.
You feel weakened.
You feel dopey.
You feel clumsy. The adder bites you.
It was a potion of attraction.
You feel attractive to monsters. The adder misses you.
It was a potion of brilliance.
You feel clever all of a sudden. The adder bites you.
You are lethally poisoned!
The adder poisons you! The adder closely misses you.
Magic courses through your body.
You die...

.......###...#####.###..†.
............)......##.....
#####......#)########....#
# ########†# #..... ..###
#.# #..... ...... #.#
#..... ......#
##.########....#
.......##...............
#....@S......#....####
.....<.##.###..#.##.#.##
.###... #.##.....##..#..
..... #.##...####.#.##
....... #.......###.#.#
####### #...........#.#
#.##.##.#####.# #.#..##.#
###.## # #.###.# #.....


You could see an adder.

Vanquished Creatures
  An adder (D:2)
  A dart slug (D:1)
  5 ball pythons
  2 giant cockroaches
  3 hobgoblins (D:1)
  3 jackals (D:2)
  A quokka (D:1)
  3 bats (D:1)
  4 frilled lizards (D:1)
  10 goblins
  7 kobolds
  2 rats
42 creatures vanquished.

Notes
Turn   | Place    | Note
-------+----------+-------------------------------------------
     0 | D:1      | DildoBatman the Formicid Conjurer began the quest for the
                  | Orb.
     0 | D:1      | Reached XP level 1. HP: 13/13 MP: 3/3
   230 | D:1      | Reached XP level 2. HP: 16/20 MP: 5/5
   233 | D:1      | Learned a level 2 spell: Searing Ray
   355 | D:1      | Reached XP level 3. HP: 13/25 MP: 2/6
   366 | D:1      | Reached skill level 1 in Fighting
   432 | D:1      | Reached skill level 1 in Armour
   979 | D:2      | Noticed Terence
  1190 | D:2      | Reached XP level 4. HP: 2/32 MP: 1/7
  1191 | D:2      | HP: 1/32 [poisoned by an adder]
  1205 | D:2      | HP: 1/32 [adder (1)]
  1206 | D:2      | Succumbed to an adder's poison

Illustrated notes

Levels and vault maps discovered:
D:1:      dpeg_arrival_water_fire, layout_basic, minmay_nonomino_d4
D:2:      layout_loops_cross, hellmonk_ecumenical_altar_watching_god,
          uniq_terence

Skill      XL: |  1  2  3 |
---------------+----------+-----
Dodging        | 2 |  2.2
Fighting       | 1 |  1.3
Armour         | 1 |  1.2
Stealth        | 3 |  3.1
Spellcasting   | |  2.6
Conjurations   | |  3.8

Action                     |  1- 3 |  4- 6 || total
---------------------------+-------+-------++-------
  Melee: Mace              |    38 |       ||    38
   Cast: Magic Dart        |    30 |     1 ||    31
         Searing Ray       |     3 |       ||     3
    Use: Potion            |       |     4 ||     4
   Stab: Sleeping          |     1 |       ||     1
 Armour: Robe              |    35 |     2 ||    37
  Dodge: Dodged            |    29 |     2 ||    31
